 Dungeon Crawl Stone Soup version 0.20.1-1-g8b1a95d (webtiles) character file.

551 vomix the Cleaver (level 7, -2/57 HPs)
             Began as a Minotaur Berserker on Aug 24, 2017.
             Was a Priest of Trog.
             Killed by nerve-wracking pain
             ... invoked by an orc priest
              (14 damage)
             ... on level 3 of the Dungeon.
             The game lasted 00:06:43 (2818 turns).

vomix the Cleaver (Minotaur Berserker)              Turns: 2818, Time: 00:06:43

Health: -2/57      AC:  9    Str: 21    XL:     7   Next: 7%
Magic:  6/6        EV:  8    Int:  4    God:    Trog [***...]
Gold:   147        SH:  0    Dex: 12    Spells: 6/6 levels left

rFire    + . .     SeeInvis .   a - +0 hand axe
rCold    . . .     Gourm    .   (no shield)
rNeg     . . .     Faith    .   n - +0 chain mail
rPois    .         Spirit   .   (helmet restricted)
rElec    .         Reflect  .   (no cloak)
rCorr    .         Harm     .   (no gloves)
MR       .....                  e - +0 pair of boots
Stlth    ..........             (no amulet)
Regen    0.2/turn               f - ring of protection from fire
MPRegen  0.1/turn               (no ring)

@: no status effects
A: retaliatory headbutt, horns 2
a: Berserk, Trog's Hand, Burn Spellbooks, Renounce Religion


You were on level 3 of the Dungeon.
You worshipped Trog.
Trog was most pleased with you.
You were not hungry.

You visited 1 branch of the dungeon, and saw 3 of its levels.

You collected 147 gold pieces.

Inventory:

Hand Weapons
 a - a +0 hand axe (weapon)
Armour
 e - a +0 pair of boots (worn)
 n - a +0 chain mail (worn)
Jewellery
 f - a ring of protection from fire (left hand)
Wands
 b - a wand of polymorph (4/24)
Scrolls
 d - a scroll of teleportation {unknown}
 i - 6 scrolls of enchant weapon {unknown}
 k - 4 scrolls of identify {unknown}
 l - 2 scrolls of fear {unknown}
 s - a scroll of recharging {unknown}
Potions
 h - a potion of haste {unknown}
 j - a potion of heal wounds
 m - a potion of resistance {unknown}
 o - a potion of brilliance {unknown}
 p - a potion of curing {unknown}
 q - a potion of lignification {unknown}
 u - a potion of cancellation {unknown}
Books
 r - a book of Minor Magic

   Spells                             Type                      Level
   a - Magic Dart                     Conjuration                  1
   b - Blink                          Translocation                2
   c - Call Imp                       Summoning                    2
   d - Slow                           Hexes                        2
   e - Conjure Flame                  Conjuration/Fire             3
   f - Mephitic Cloud                 Conjuration/Poison/Air       3
   Trog disapproves of the use of such an item.
Comestibles
 c - a bread ration
 t - 9 chunks of flesh


   Skills:
 - Level 3.6 Fighting
 + Level 9.7 Axes
 - Level 2.4 Armour
 - Level 2.1 Dodging


You had 6 spell levels left.
You didn't know any spells.

Dungeon Overview and Level Annotations

Branches:
Dungeon (3/15)

Altars:
Nemelex Xobeh


Innate Abilities, Weirdness & Mutations

You reflexively headbutt those who attack you in melee.
You have a pair of horns on your head.


Message History

Trog accepts your kill.
The orc priest invokes the aid of Beogh against you.
Beogh smites you!
You are too injured to fight recklessly!
You are too injured to fight recklessly!
An orc priest is nearby!
You are too injured to fight recklessly!
The orc priest hits you but does no damage.
You see here a flail.
You completely miss the orc priest. The orc priest barely misses you.
You hit the orc priest.
The orc priest is lightly wounded.
The orc priest invokes the aid of Beogh against you.
Beogh smites you!
* * * LOW HITPOINT WARNING * * *
You hit the orc priest.
The orc priest is lightly wounded.
The orc priest invokes the aid of Beogh against you.
Pain shoots through your body!
You die...

######## #.).@o.#
#.####.# #.# #
######## ###)###
.......# #.#.#.#
.......# #.#.#.#
###....# #.#.#.#
###....####P#.#.#
..+......##.#.#b#


You could see an orc priest.

Vanquished Creatures
  Sigmund (D:2)
  2 orc priests (D:3)
  Jessica (D:2)
  Natasha (twice) (D:2)
  An orc wizard (D:3)
  11 gnolls
  4 adders
  4 worms
  A dart slug (D:3)
  4 leopard geckos
  9 orcs (D:3)
  3 giant cockroaches
  6 goblins
  5 hobgoblins
  16 jackals
  3 kobolds
  A quokka (D:3)
  A ball python (D:1)
  4 bats
  2 frilled lizards
  7 rats
88 creatures vanquished.

Notes
Turn   | Place    | Note
-------+----------+-------------------------------------------
     0 | D:1      | vomix the Minotaur Berserker began the quest for the Orb.
     0 | D:1      | Reached XP level 1. HP: 19/19 MP: 0/0
   140 | D:1      | Reached skill level 4 in Axes
   215 | D:1      | Reached XP level 2. HP: 17/26 MP: 1/1
   580 | D:1      | Reached skill level 5 in Axes
   767 | D:1      | Reached ** piety under Trog
   782 | D:1      | Reached XP level 3. HP: 31/31 MP: 2/2
   981 | D:2      | Noticed Sigmund
  1008 | D:2      | Killed Sigmund
  1008 | D:2      | Reached skill level 7 in Axes
  1008 | D:2      | Reached XP level 4. HP: 34/39 MP: 3/3
  1008 | D:2      | Reached XP level 5. HP: 39/45 MP: 4/4
  1190 | D:2      | Noticed Jessica
  1199 | D:2      | Killed Jessica
  1435 | D:2      | Reached skill level 8 in Axes
  1451 | D:2      | Reached XP level 6. HP: 20/51 MP: 1/5
  1670 | D:2      | Noticed Natasha
  1679 | D:2      | Killed Natasha
  1689 | D:2      | Found a sparkling altar of Nemelex Xobeh.
  1739 | D:2      | Found a faded altar of an unknown god.
  1829 | D:2      | Noticed Natasha
  1837 | D:2      | Killed Natasha
  2032 | D:3      | Reached *** piety under Trog
  2075 | D:3      | Reached skill level 9 in Axes
  2652 | D:3      | Reached XP level 7. HP: 43/57 MP: 3/6
  2818 | D:3      | Killed from afar by an orc priest

Skill      XL: |  1  2  3  4  5  6 |
---------------+-------------------+-----
Axes           | 4 5 7 8 9 |  9.7
Fighting       | |  3.6
Armour         | |  2.4
Dodging        | |  2.1

Action                   |  1- 3 |  4- 6 |  7- 9 || total
-------------------------+-------+-------+-------++-------
Melee: Hand axe          |    75 |   141 |    15 ||   231
       Headbutt          |    10 |    24 |     2 ||    36
Invok: Berserk           |     1 |     3 |       ||     4
  Use: Potion            |       |     1 |       ||     1
  Eat: Chunk             |       |    10 |       ||    10
Armor: Animal skin       |    14 |       |       ||    14
       Skin              |     9 |       |       ||     9
       Chain mail        |     1 |    77 |     5 ||    83
Dodge: Dodged            |    40 |    57 |     3 ||   100
